 Dungeon Crawl Stone Soup version 0.28.0-53-g5a82cb258f (webtiles) character file.

Game seed: 12818736738828686307

530 diana the Insei (level 7, -2/45 HPs)
             Began as an Octopode Transmuter on June 4, 2022.
             Was an Initiate of Gozag.
             Slain by a sky beast (5 damage)
             ... on level 5 of the Dungeon.
             The game lasted 00:16:05 (7436 turns).

diana the Insei (Octopode Transmuter)               Turns: 7436, Time: 00:16:05

Health: -2/45      AC:  1    Str: 10    XL:     7   Next: 24%
Magic:  11/11      EV: 14    Int: 17    God:    Gozag
Gold:   93         SH:  0    Dex: 12    Spells: 6/12 levels left

rFire   + . .      SeeInvis .     - Unarmed
rCold   . . .      Faith    .   (no shield)
rNeg    . . .      Spirit   .   (helmet restricted)
rPois   .          Reflect  .   b - amulet of the acrobat
rElec   .          Harm     .   f - ring of willpower
rCorr   .          Rampage  .   q - ring of protection from fire
Will    +....                   (no ring)
Stlth   ++........              (no ring)
HPRegen 0.15/turn               (no ring)
MPRegen 0.12/turn               (no ring)
                                (no ring)
                                (no ring)

@: about to teleport
A: almost no armour, amphibious, 8 rings, camouflage 1, gelatinous body 1,
(nimble swimmer 1), tentacles
a: Renounce Religion, Potion Petition, Call Merchant, Bribe Branch


You were on level 5 of the Dungeon.
You worshipped Gozag.
Gozag was noncommittal.
You visited 1 branch of the dungeon, and saw 5 of its levels.

You collected 497 gold pieces.
You spent 316 gold pieces at shops.
You paid 88 gold pieces to Gozag.

Inventory:

Missiles
 j - a throwing net
Jewellery
 b - an amulet of the acrobat (around mantle)
 f - a ring of willpower (left tentacle)
 q - a ring of protection from fire (right tentacle)
Scrolls
 c - 2 scrolls of noise
 d - 5 scrolls of teleportation
 i - 2 scrolls of amnesia
 m - 3 scrolls of immolation {unknown}
 o - 3 scrolls of identify
Potions
 a - a potion of lignification {unknown}
 e - a potion of invisibility
 g - a potion of haste
 k - a potion of heal wounds {unknown}
 l - 2 potions of degeneration {unknown}
 p - a potion of might {unknown}
Miscellaneous
 n - a tin of tremorstones (1/2)


   Skills:
 - Level 2.3 Fighting
 + Level 4.2 Dodging
 + Level 4.7 Unarmed Combat
 + Level 3.2 Spellcasting
 + Level 4.1 Transmutations


You had 6 spell levels left.
You knew the following spells:

 Your Spells              Type           Power      Damage    Failure   Level
a - Beastly Appendage     Tmut           32%        N/A       3%          1
b - Wereblood             Tmut           16%        N/A       4%          2
c - Spider Form           Tmut/Pois      9%         N/A       22%         3

Your spell library contained the following spells:

 Spells                   Type           Power      Damage    Failure   Level
 Magic Dart               Conj           8%         1d3       17%         1
 Call Imp                 Summ           2%         N/A       26%         2
 Mephitic Cloud           Conj/Pois/Air  2%         N/A       45%         3
 Ice Form                 Ice/Tmut       9%         N/A       58%         4


Dungeon Overview and Level Annotations

Branches:
Dungeon (5/15)
 Temple: D:4-7

Altars:
Gozag
Makhleb
Zin

Shops:
D:2 **?![   D:3 (*=   D:4 ?

Annotations:
D:3 Pargi
D:4 2 transporters, protoss039's ghost, amateur DsEE


Innate Abilities, Weirdness & Mutations

You cannot wear most types of armour.
You are amphibious.
You can wear up to eight rings at the same time.
Your skin changes colour to match your surroundings (Stealth+).
Your rubbery body absorbs attacks. (AC +1, EV +1)
((You are camouflaged when in or above water. (Stealth+)))
You have tentacles for arms and can constrict up to eight enemies at once.


Message History

There is a stone staircase leading up, spattered with blood here.
Something barely misses you.
You climb upwards.
Level annotation: 2 transporters, protoss039's ghost, amateur DsEE Reactivating autopickup.
There is a stone staircase leading down here.
A sky beast appears from thin air!
The sky beast flickers out of sight!
Deactivating autopickup; reactivate with Ctrl-A.
A sky beast appears from thin air!
Reactivating autopickup.
You see here a +0 dagger.
You see here a +0 club.
The sky beast flickers out of sight!
Deactivating autopickup; reactivate with Ctrl-A.
There is a stone staircase leading down here.
Something hits you but does no damage.
You climb downwards.
Reactivating autopickup.
Found 19 stones.
There is a stone staircase leading up here.
You start resting.
Something misses you.
You start resting.
Something misses you.
Deactivating autopickup; reactivate with Ctrl-A.
You closely miss something. Something hits you.
* * * LOW HITPOINT WARNING * * *
Something shocks you.
* * * LOW HITPOINT WARNING * * *
Unknown command.
You feel better. Something hits you.
* * * LOW HITPOINT WARNING * * *
Something shocks you.
* * * LOW HITPOINT WARNING * * *
Unknown command.
As you read the scroll of teleportation, it crumbles to dust.
You feel strangely unstable. Something hits you.
* * * LOW HITPOINT WARNING * * *
Something shocks you.
You die...
Your body crumbles into a pile of gold.

#......#
#......#######
#............#
#............#
#.....<......#
#...........(#
#............#
###+###..{...#
+...@..#
#......#
#......#
#......# $
#......#
.......#
#.......#
#.......#


There were no monsters in sight!

Vanquished Creatures
  A centaur (D:3)
  2 scorpions
  A hound (D:4)
  Crazy Yiuf (D:3)
  An iguana (D:4)
  An orc wizard (D:4)
  Robin (D:4)
  8 gnolls
  An adder (D:3)
  An adder skeleton (D:4)
  A worm (D:3)
  2 dart slugs
  9 orcs
  7 bats
  8 endoplasms
  9 giant cockroaches
  11 goblins
  9 hobgoblins
  8 jackals
  2 quokkas
  7 ball pythons
  A frilled lizard (D:1)
  8 kobolds
  13 rats
113 creatures vanquished.

Vanquished Creatures (others)
  A fungus (D:3)
1 creature vanquished.

Grand Total: 114 creatures vanquished

Notes
Turn   | Place    | Note
-------+----------+-------------------------------------------
     0 | D:1      | diana the Octopode Transmuter began the quest for the Orb.
     0 | D:1      | Reached XP level 1. HP: 13/13 MP: 3/3
   251 | D:1      | Reached XP level 2. HP: 16/18 MP: 5/5
   316 | D:1      | Found a faded altar of an unknown god.
  1142 | D:1      | Reached XP level 3. HP: 20/23 MP: 4/6
  1145 | D:1      | Learned a level 2 spell: Wereblood
  1474 | D:2      | Found Coqet's Armour Emporium.
  1505 | D:2      | Found Porgh's Distillery.
  1523 | D:2      | Bought a potion of curing for 36 gold pieces
  2357 | D:2      | Reached XP level 4. HP: 29/29 MP: 5/7
  2749 | D:2      | Found Gorhutek's Assorted Antiques.
  2761 | D:2      | Found Muiru Asyudd's Assorted Antiques.
  2781 | D:2      | Found Cionwel's Magic Scroll Emporium.
  2791 | D:2      | Bought a scroll of teleportation for 42 gold pieces
  3338 | D:2      | Bought a scroll of identify for 28 gold pieces
  3432 | D:3      | Noticed a scorpion
  3460 | D:3      | Found Nanocon's Jewellery Emporium.
  3623 | D:3      | Found Qireustrausk's Assorted Antiques.
  3685 | D:3      | You fall into a shaft and drop 1 floor!
  3689 | D:4      | Reached XP level 5. HP: 34/34 MP: 8/8
  4026 | D:3      | Found Zutuwile's Weapon Shoppe.
  4210 | D:3      | Noticed Pargi
  4323 | D:3      | Noticed a centaur
  4779 | D:4      | Found an opulent altar of Gozag.
  4787 | D:4      | Became a worshipper of Gozag Ym Sagoz the Greedy
  5076 | D:4      | Noticed Robin
  5089 | D:4      | Killed Robin
  5094 | D:4      | Reached XP level 6. HP: 18/40 MP: 7/9
  5271 | D:4      | Found a transporter.
  5276 | D:4      | Found a transporter.
  5419 | D:4      | Noticed protoss039's ghost (amateur DsEE)
  6060 | D:4      | Identified the +3 robe of Theory {rPois rF+ Str-3 Archmagi}
  6227 | D:4      | Found Diomor's Magic Scroll Shoppe.
  6236 | D:4      | Bought a scroll of identify for 28 gold pieces
  6236 | D:4      | Bought a scroll of teleportation for 42 gold pieces
  6236 | D:4      | Bought a scroll of identify for 28 gold pieces
  6236 | D:4      | Bought a scroll of identify for 28 gold pieces
  6236 | D:4      | Bought a scroll of teleportation for 42 gold pieces
  6236 | D:4      | Bought a scroll of teleportation for 42 gold pieces
  6308 | D:4      | Found a glowing silver altar of Zin.
  6446 | D:4      | Found a burning altar of Makhleb.
  6688 | D:3      | Learned a level 3 spell: Spider Form
  6886 | D:3      | Found a runed translucent door.
  6887 | D:3      | Noticed Crazy Yiuf
  6911 | D:3      | Killed Crazy Yiuf
  6912 | D:3      | Reached XP level 7. HP: 31/45 MP: 8/11
  7279 | D:5      | Entered Level 5 of the Dungeon
  7436 | D:5      | Slain by a sky beast

Illustrated notes

Levels and vault maps discovered:
D:1:      denvon_arrival_planthouse, layout_basic, basic_ecumenical_altar,
          serial_glass, glass_columns_b, glass_columns_b
D:2:      layout_rooms, serial_shops, nicolae_shop_competitors_out_of_business,
          shop, shop, nicolae_lakefront_shop, shop, kennysheep_minor_cross,
          minmay_rat_gold_closets
D:3:      minmay_inner_zag, layout_basic, serial_shops,
          nicolae_shop_bloodbath_and_beyond, nicolae_square_shop, shop,
          chequers_serial_rivers_small_b, minmay_misc_feat_columns,
          chequers_garden, minivault_24, uniq_pargi, uniq_crazy_yiuf_cottage
D:4:      layout_layer_cave, grunt_gozag_statues, marbit_many_paths,
          kennysheep_little_box, serial_shops, shop_fountains,
          gammafunk_ghost_smash, nrook_loot_triangle, uniq_robin
D:5:      layout_gridville, chequers_big_river, minmay_splitting_lines,
          uniq_eustachio

Skill      XL: |  1  2  3  4  5  6 |
---------------+-------------------+-----
Fighting       | 2 |  2.3
Dodging        | 3 4 |  4.2
Transmutations | 3 4 |  4.1
Unarmed Combat | 4 |  4.7
Spellcasting   | 3 |  3.2

Action                   |  1- 3 |  4- 6 |  7- 9 || total
-------------------------+-------+-------+-------++-------
Melee: Unarmed           |    81 |   160 |    18 ||   259
       Constrict         |    23 |    45 |     1 ||    69
       Tentacles         |    16 |    32 |     4 ||    52
       Punch             |     5 |     6 |       ||    11
       Kick              |     9 |    47 |     5 ||    61
 Cast: Beastly Appendage |    10 |    34 |     3 ||    47
       Wereblood         |       |     5 |       ||     5
       Spider Form       |       |     1 |       ||     1
Evoke: Tin of tremorston |       |       |     1 ||     1
  Use: Scroll            |       |     4 |     1 ||     5
       Potion            |       |     2 |     2 ||     4
 Stab: Sleeping          |     5 |     8 |       ||    13
Armor: Skin              |     9 |     9 |     2 ||    20
Dodge: Dodged            |    66 |    97 |    26 ||   189
